 Dungeon Crawl Stone Soup version 0.18.1-48-g4cf74bf (console) character file.

7175 Kloppie the Basher (level 10, -9/144 HPs)
             Began as a Minotaur Berserker on June 28, 2016.
             Was an Elder of Trog.
             Mangled by a hill giant
             ... wielding a cursed -3 giant club
              (11 damage)
             ... on level 10 of the Dungeon.
             The game lasted 00:13:51 (7756 turns).

Kloppie the Basher (Minotaur Berserker)             Turns: 7756, Time: 00:13:52

Health: -9/144     AC: 12    Str: 27    XL:     10   Next: 86%
Magic:  0/9        EV: 11    Int:  4    God:    Trog [****..]
Gold:   636        SH:  0    Dex: 13    Spells: 0 memorised, 9 levels left

rFire  + . .     SeeInvis .     a - +0 flail (venom)
rCold  . . .     Gourm    .     v - +4 ring mail
rNeg   . . .     Faith    .     (no shield)
rPois  .         Spirit   +     (helmet restricted)
rElec  .         Dismiss  .     l - +1 cloak
rCorr  .         Reflect  .     (no gloves)
SustAt .         Harm     .     L - +0 pair of boots
MR     ++...                    q - amulet of guardian spirit
Stlth  ..........               (no ring)
                                (no ring)

@: berserking, regenerating, very quick, very resistant to hostile enchantments,
extremely unstealthy
A: retaliatory headbutt, horns 2, fire resistance 1
a: Berserk, Trog's Hand, Brothers in Arms, Burn Spellbooks, Renounce Religion


You were on level 10 of the Dungeon.
You worshipped Trog.
Trog was greatly pleased with you.
You were hungry.

You visited 1 branch of the dungeon, and saw 10 of its levels.

You collected 636 gold pieces.

Inventory:

Hand Weapons
 a - a +0 flail of venom (weapon)
 x - a +0 flail
 H - a +0 mace
Armour
 l - a +1 cloak (worn)
 m - a +0 shield
 p - a +0 chain mail
 v - a +4 ring mail (worn)
 E - a +0 plate armour
 L - a +0 pair of boots (worn)
Jewellery
 i - an uncursed ring of fire
 q - an amulet of guardian spirit (around neck)
Wands
 b - a wand of random effects (22/48)
 n - a wand of flame (26/48)
 w - a wand of lightning (4/15)
 y - a wand of paralysis (12/24)
 F - a wand of acid (7/15)
 G - a wand of hasting (3/9)
 J - a wand of lightning (2/15)
Scrolls
 h - a scroll of enchant armour
 u - 4 scrolls of remove curse
 K - 2 scrolls of identify
 N - a scroll of magic mapping {unknown}
Potions
 d - 2 potions of haste
 e - 2 potions of curing
 f - a potion of agility
 g - a potion of magic
 k - 2 potions of berserk rage
 r - 3 potions of flight
 s - 2 potions of heal wounds
 t - a potion of ambrosia {unknown}
 z - 2 potions of lignification {unknown}
 A - a potion of resistance {unknown}
 B - 2 potions of degeneration {unknown}
 C - 3 potions of brilliance {unknown}
 D - 2 potions of mutation {unknown}
 M - a potion of cure mutation {unknown}
Comestibles
 c - 12 bread rations
 j - 3 beef jerkies
 o - 6 meat rations
 I - 2 chunks of flesh


   Skills:
 - Level 11.2 Fighting
 + Level 14.0 Maces & Flails
 - Level 2.4 Armour
 - Level 2.1 Dodging
 + Level 9.2 Shields


You had 9 spell levels left.
You didn't know any spells.

Dungeon Overview and Level Annotations

Branches:
Dungeon (10/15)            Temple (0/1) D:6
   Lair: D:8-11         Orc: D:9-12

Altars:
Cheibriados
Dithmenos
Elyvilon
Fedhas
Gozag
Nemelex Xobeh
Pakellas
Sif Muna
Trog
Vehumet
Yredelemnul
Zin

Annotations:
D:10 Maud


Innate Abilities, Weirdness & Mutations

You reflexively headbutt those who attack you in melee.
You have a pair of horns on your head.
Your flesh is heat resistant.


Message History

Your two-headed ogre hits Maud with a giant club!
Maud screams, "Die, you thief!"
Maud hits you with an enchanted battleaxe!!
* * * LOW HITPOINT WARNING * * *
Maud hits your two-headed ogre with an enchanted battleaxe!!
You thump the hill giant!
The hill giant looks even sicker.
The hill giant is moderately wounded.
The hill giant hits you with a giant club!!
* * * LOW HITPOINT WARNING * * *
Your two-headed ogre closely misses Maud.
Your two-headed ogre hits Maud with a giant club!!
You thump the hill giant!
The hill giant looks even sicker.
The hill giant is heavily wounded.
Maud hits you with an enchanted battleaxe!!
* * * LOW HITPOINT WARNING * * *
Maud hits your two-headed ogre with an enchanted battleaxe!
Your two-headed ogre dies!
Your two-headed ogre's corpse disappears in a puff of smoke!
The hill giant hits you with a giant club!
You die...

#........ #...?.#
#........ #.....#
#........ #.....#
#........ ###.....#
+........
.......###.#....†...
#.........#...†....
#..C..# ####'####
#.@.@.# #..# ####§##
##.# #..# ###'###
#.## #...... ##'###
#...... #....####
#.<.... #....'..##
#......
#....##..###......
#....###...#......


You could see Maud and a hill giant.

Vanquished Creatures
  Josephine (D:10)
  Psyche (D:8)
  A troll (D:9)
  3 wraiths (D:10)
  A spriggan (D:8)
  3 yaks (D:9)
  Grum (D:8)
  A steam dragon (D:9)
  6 phantoms
  An orc warrior (D:6)
  An eye of draining (D:10)
  3 ice beasts
  A black bear (D:8)
  2 wolves (D:8)
  6 ogres
  2 centaurs
  4 giant frogs
  A wyvern skeleton (D:9)
  A water moccasin zombie (D:5)
  5 scorpions
  9 killer bees
  5 howler monkeys
  A giant frog zombie (D:8)
  5 crimson imps
  4 hounds
  A jelly (D:5)
  A giant frog skeleton (D:7)
  10 orc priests
  3 iguanas
  8 orc wizards
  15 worker ants
  A killer bee zombie (D:8)
  8 adders
  2 shadow imps (D:6)
  A white imp (D:7)
  7 worms
  3 dart slugs
  4 giant geckos
  24 orcs
  10 bats
  6 giant cockroaches
  5 goblins
  7 hobgoblins
  8 jackals
  2 quokkas
  A ball python (D:2)
  4 giant newts
  11 kobolds
  10 rats
  A spectral orc (D:6)
222 creatures vanquished.

Notes
Turn   | Place    | Note
--------------------------------------------------------------
     0 | D:1      | Kloppie the Minotaur Berserker began the quest for the Orb.
     0 | D:1      | Reached XP level 1. HP: 19/19 MP: 0/0
   231 | D:1      | Reached skill level 4 in Maces & Flails
   263 | D:1      | Reached XP level 2. HP: 27/27 MP: 1/1
   632 | D:2      | Reached ** piety under Trog
   948 | D:2      | Found a glowing silver altar of Zin.
   952 | D:2      | Reached XP level 3. HP: 34/34 MP: 2/2
  1273 | D:2      | Found a bloodstained altar of Trog.
  1624 | D:3      | Reached skill level 5 in Fighting
  1624 | D:3      | Reached skill level 5 in Maces & Flails
  1624 | D:3      | Reached XP level 4. HP: 36/42 MP: 3/3
  1693 | D:3      | Found a radiant altar of Vehumet.
  1723 | D:3      | Found an opulent altar of Gozag.
  1981 | D:3      | Found a shadowy altar of Dithmenos.
  2045 | D:3      | Reached *** piety under Trog
  2472 | D:4      | Reached XP level 5. HP: 45/49 MP: 4/4
  2679 | D:4      | Reached skill level 6 in Maces & Flails
  2680 | D:4      | Reached XP level 6. HP: 58/58 MP: 2/5
  2925 | D:4      | Reached skill level 7 in Maces & Flails
  2926 | D:4      | Reached XP level 7. HP: 63/66 MP: 6/6
  3039 | D:5      | Entered Level 5 of the Dungeon
  3216 | D:5      | Gained mutation: Your flesh is heat resistant. [potion of beneficial mutation]
  3330 | D:5      | Reached skill level 8 in Maces & Flails
  3646 | D:5      | Found a blossoming altar of Fedhas.
  3771 | D:5      | Reached XP level 8. HP: 67/75 MP: 7/7
  3806 | D:6      | Found a staircase to the Ecumenical Temple.
  3836 | D:6      | Reached **** piety under Trog
  3865 | D:6      | Reached skill level 9 in Maces & Flails
  4305 | D:6      | Reached skill level 10 in Fighting
  4322 | D:6      | Reached skill level 10 in Maces & Flails
  4411 | D:6      | Found a basalt altar of Yredelemnul.
  5071 | D:7      | Reached XP level 9. HP: 86/86 MP: 8/8
  5343 | D:8      | Noticed Grum
  5354 | D:8      | Killed Grum
  5354 | D:8      | Reached skill level 11 in Maces & Flails
  5657 | D:8      | Found a sparkling altar of Nemelex Xobeh.
  5707 | D:8      | Reached skill level 1 in Shields
  5997 | D:8      | Found a white marble altar of Elyvilon.
  6012 | D:8      | Reached ***** piety under Trog
  6156 | D:8      | Reached skill level 12 in Maces & Flails
  6158 | D:8      | Reached skill level 5 in Shields
  6219 | D:8      | Noticed Psyche
  6232 | D:8      | Killed Psyche
  6232 | D:8      | Reached XP level 10. HP: 93/96 MP: 7/9
  6642 | D:9      | Found a snail-covered altar of Cheibriados.
  6881 | D:9      | Reached skill level 13 in Maces & Flails
  7020 | D:9      | Found an oddly glowing altar of Pakellas.
  7249 | D:9      | Found a deep blue altar of Sif Muna.
  7293 | D:10     | Entered Level 10 of the Dungeon
  7395 | D:10     | Noticed Josephine
  7415 | D:10     | Killed Josephine
  7680 | D:10     | Reached skill level 14 in Maces & Flails
  7747 | D:10     | Noticed Maud
  7747 | D:10     | Noticed a hill giant
  7755 | D:10     | HP: 1/144 [Maud/enchanted battleaxe (23)]
  7756 | D:10     | Mangled by a hill giant

Skill      XL: |  1  2  3  4  5  6  7  8  9 10 |
---------------+-------------------------------+-----
Maces & Flails | 4 5 6 7 8 10 12 14 | 14.0
Fighting       | 4 5 6 7 8 10 11 | 11.2
Shields        | 5 9 |  9.2
Armour         | |  2.4
Dodging        | |  2.1

Action                   |  1- 3 |  4- 6 |  7- 9 | 10-12 || total
-------------------------+-------+-------+-------+-------++-------
Melee: Mace              |    68 |   140 |    34 |       ||   242
       Headbutt          |    11 |    33 |    55 |    41 ||   140
       Flail             |       |       |   279 |   136 ||   415
Invok: Berserk           |     1 |     1 |       |     2 ||     4
       Trog's Hand       |       |     2 |     4 |     2 ||     8
       Brothers in Arms  |       |       |       |     1 ||     1
  Use: Scroll            |       |     9 |     9 |       ||    18
       Potion            |       |       |     1 |       ||     1
  Eat: Chunk             |     3 |     6 |    11 |     4 ||    24
       Royal jelly       |       |       |       |     1 ||     1
Armor: Ring mail         |    22 |    77 |   124 |    65 ||   288
       Animal skin       |     1 |       |       |       ||     1
Dodge: Dodged            |    54 |    72 |   145 |    58 ||   329
